 Dungeon Crawl Stone Soup version 0.22.1-2-g9c5b331 (webtiles) character file.

6 MalarOregon the Insei (level 1, 0/15 HPs)
             Began as a Merfolk Transmuter on Nov 24, 2018.
             Slain by a kobold (3 damage)
             ... on level 1 of the Dungeon.
             The game lasted 00:00:28 (78 turns).

MalarOregon the Insei (Merfolk Transmuter)            Turns: 78, Time: 00:00:29

Health: 0/15       AC:  2    Str: 10    XL:     1   Next: 90%
Magic:  3/3        EV: 13    Int: 12    God:
Gold:   0          SH:  0    Dex: 14    Spells: 3/4 levels left

rFire    . . .     SeeInvis .     - Unarmed
rCold    . . .     Gourm    .   (no shield)
rNeg     . . .     Faith    .   b - +0 robe
rPois    .         Spirit   .   (no helmet)
rElec    .         Reflect  .   (no cloak)
rCorr    .         Harm     .   (no gloves)
MR       .....                  (no boots)
Stlth    +.........             (no amulet)
HPRegen  0.05/turn              (no ring)
MPRegen  0.08/turn              (no ring)

@: appendage (expiring)
A: change form in water, swift swim, stealthy swim, horns 2
a: End Transformation


You were on level 1 of the Dungeon.
You were not hungry.
You had grown temporary horns.
You visited 1 branch of the dungeon, and saw 1 of its levels.

Inventory:

Missiles
 a - 12 arrows
Armour
 b - a +0 robe (worn)
Comestibles
 c - 3 chunks of flesh
 e - a ration {!d}


   Skills:
 + Level 1.3 Fighting
 + Level 2.8 Dodging
 + Level 3.3 Unarmed Combat
 + Level 2.1 Spellcasting
 + Level 2.8 Transmutations


You had 3 spell levels left.
You knew the following spells:

 Your Spells              Type           Power        Failure   Level  Hunger
a - Beastly Appendage     Tmut           #.....       9%          1    ##.....

Your spell library contained the following spells:

 Spells                   Type           Power        Failure   Level  Hunger
 Sticks to Snakes         Tmut           #.......     12%         2    ###....
 Spider Form              Tmut/Pois      #.........   41%         3    ####...
 Ice Form                 Ice/Tmut       #.......     83%         4    #####..
 Blade Hands              Tmut           #.........   92%         5    ######.


Dungeon Overview and Level Annotations

Branches:
Dungeon (1/15)

Altars:


Innate Abilities, Weirdness & Mutations

You revert to your normal form in water.
You are very nimble and swift while swimming.
You are very stealthy in the water. (Stealth+)
You have a pair of horns on your head.


Message History

The dart slug launches a dart at you. The slug dart hits you!
* * * LOW HITPOINT WARNING * * *
You hit the dart slug. You hit the dart slug. You headbutt the dart slug.
You kill the dart slug!
You see here a dart slug corpse.
You butcher the dart slug corpse.
c - a chunk of flesh Your horns disappear.
You start resting.
You start resting.
A rat comes into view.
You grow a pair of large bovine horns.
You hit the rat. Your headbutt misses the rat. The rat misses you.
You barely miss the rat. The rat bites you.
* * * LOW HITPOINT WARNING * * *
You hit the rat.
You kill the rat!
You see here a rat corpse.
You butcher the rat corpse.
c - 2 chunks of flesh (gained 1)
Your transformation is almost over.
There isn't anything here!
You start resting.
You start resting.
Your horns disappear.
A leopard gecko comes into view.
The leopard gecko hisses angrily.
You grow a pair of large bovine horns.
You barely miss the leopard gecko. The leopard gecko bites you.
* * * LOW HITPOINT WARNING * * *
You hit the leopard gecko.
You kill the leopard gecko!
You see here a leopard gecko corpse.
You butcher the leopard gecko corpse.
c - 3 chunks of flesh (gained 1)
A kobold comes into view.
The kobold shouts!
You start resting.
The kobold is too close now for your liking.
Your transformation is almost over.
A kobold comes into view.
You hit the kobold.
You kill the kobold!
Found an escape hatch in the floor.
You see here 12 gold pieces.
You hit the kobold but do no damage. The kobold closely misses you.
You hit the kobold but do no damage. The kobold hits you.
You die...

.#. . .'
###############. ..
#####.....#####. .
#...#.....#...## .#
#.⌠.#.....#.⌠.###.###.#
#...#.....#...#.K..>...
#####.....#####@#
................#
................#
.......<........#
................#
................#
#####.....#####.#
#...#.[...#...#.#
#.⌠.#.....#.⌠.#.#


You could see a kobold.

Vanquished Creatures
  A dart slug (D:1)
  A leopard gecko (D:1)
  A kobold (D:1)
  A rat (D:1)
4 creatures vanquished.

Notes
Turn   | Place    | Note
-------+----------+-------------------------------------------
     0 | D:1      | MalarOregon the Merfolk Transmuter began the quest for the
                  | Orb.
     0 | D:1      | Reached XP level 1. HP: 15/15 MP: 3/3
    78 | D:1      | Slain by a kobold

Action                   || total
-------------------------++-------
Melee: Unarmed           ||    11
       Headbutt          ||     1
 Cast: Beastly Appendage ||     3
  Use: Scroll            ||     1
Dodge: Dodged            ||     3
